 Dungeon Crawl Stone Soup version 0.27.1-33-g824d729ab1 (webtiles) character file.

Game seed: 11312586260049405175

386 lordive the Chucker (level 6, 0/63 HPs)
             Began as an Ogre Hunter on Dec 26, 2021.
             Was an Initiate of Okawaru.
             Slain by an orc (4 damage)
             ... on level 5 of the Dungeon.
             The game lasted 00:10:49 (4510 turns).

lordive the Chucker (Ogre Hunter)                   Turns: 4510, Time: 00:10:49

Health: 0/63       AC:  3    Str: 19    XL:     6   Next: 78%
Magic:  6/6        EV: 10    Int: 12    God:    Okawaru [......]
Gold:   286        SH:  0    Dex:  9    Spells: 5/5 levels left

rFire    . . .     SeeInvis .   r - +1 whip (freeze)
rCold    . . .     Faith    .   (no shield)
rNeg     . . .     Spirit   .   b - +0 robe
rPois    +         Reflect  .   (helmet restricted)
rElec    .         Harm     .   (no cloak)
rCorr    .         Rampage  .   (gloves unavailable)
Will     .....                  (boots unavailable)
Stlth    +.........             (no amulet)
HPRegen  0.20/turn              p - ring of poison resistance
MPRegen  0.10/turn              (no ring)

@: lethally poisoned (0 -> -5)
A: large, unfitting armour, tough skin 1
a: Renounce Religion


You were on level 5 of the Dungeon.
You worshipped Okawaru.
Okawaru was noncommittal.
You visited 2 branches of the dungeon, and saw 6 of its levels.

You collected 286 gold pieces.

Inventory:

Hand Weapons
 h - a +2 mace of holy wrath
 r - a +1 whip of freezing (weapon)
 t - a +0 war axe of flaming
Missiles
 d - a throwing net
 f - 4 large rocks (quivered)
 g - 5 boomerangs
 j - 74 stones
 m - 15 poisoned darts
Armour
 b - a +0 robe (worn)
Jewellery
 a - a ring of wizardry
 p - a ring of poison resistance (left hand)
Scrolls
 i - 2 scrolls of teleportation {unknown}
 l - 3 scrolls of magic mapping {unknown}
 n - a scroll of brand weapon {unknown}
 o - a scroll of identify {unknown}
 u - a scroll of immolation {unknown}
Potions
 e - a potion of might
 s - a potion of mutation {unknown}


   Skills:
 * Level 4.4 Fighting
 + Level 2.1 Maces & Flails
 * Level 6.0 Throwing
 * Level 3.0 Dodging
 + Level 1.2 Stealth


You had 5 spell levels left.
You didn't know any spells.
Your spell library was empty.

Dungeon Overview and Level Annotations

Branches:
Dungeon (5/15)             Temple (1/1) D:4

Altars:
Ashenzari
Dithmenos
Elyvilon
Fedhas
Gozag
Kikubaaqudgha
Makhleb
Nemelex Xobeh
Okawaru
Qazlal
Ru
Sif Muna
Uskayaw
Vehumet
Wu Jian
Xom
Yredelemnul
Zin
The Shining One

Shops:
D:3 (


Innate Abilities, Weirdness & Mutations

You are too large for most types of armour.
You have tough skin. (AC +1)


Message History

You feel very sick.
The orc shouts! x2
The phantom hits you!
* * * LOW HITPOINT WARNING * * *
Unknown command.
It was a potion of might.
You feel very mighty all of a sudden.
* * * LOW HITPOINT WARNING * * *
You feel very sick.
The orc wizard shouts!
The phantom hits you.
* * * LOW HITPOINT WARNING * * *
The orc wizard casts a spell at you.
You are confused.
It was a potion of flight.
You feel very buoyant.
You fly up into the air.
* * * LOW HITPOINT WARNING * * *
You feel very sick. The orc closely misses you.
The phantom hits you but does no damage.
It was a potion of lignification.
You turn into a tree.
Your +0 robe melds into your body.
Your roots penetrate the ground.
* * * LOW HITPOINT WARNING * * *
You feel sick. The orc hits you but does no damage. x2
The orc wizard casts a spell.
The orc wizard flickers and vanishes!
Deactivating autopickup; reactivate with Ctrl-A.
The phantom hits you but does no damage.
It was a potion of cancellation.
Your magical effects are unravelling.
You feel magically purged.
You feel less wooden.
Your +0 robe unmelds from your body.
You feel less confused.
You feel a little less mighty now.
* * * LOW HITPOINT WARNING * * *
You feel sick.
The scorpion stings you but does no damage.
The orc hits you with a +0 hand axe.
You die...

#.........
#<........
#.##.##.##
#.##.....
##..#l##.#####.
?...o..........
.............#
##.###.soo..#.#.
.# ##.@W.....< #
#.....#...
#........:
##...##### .#.##
# .. ##


You could see a phantom, a scorpion, an iguana and 3 orcs.

Vanquished Creatures
  Sigmund (D:2)
  The ghost of zeram the Poker, an amateur MfFi (D:3)
  A jelly (D:4)
  3 adders
  2 adder skeletons (D:4)
  A worm (D:2)
  4 dart slugs
  2 orcs
  5 bats
  8 endoplasms
  3 giant cockroaches
  5 goblins
  11 hobgoblins
  8 jackals
  A quokka (D:1)
  10 ball pythons
  4 frilled lizards
  4 kobolds
  5 rats
79 creatures vanquished.

Notes
Turn   | Place    | Note
-------+----------+-------------------------------------------
     0 | D:1      | lordive the Ogre Hunter began the quest for the Orb.
     0 | D:1      | Reached XP level 1. HP: 22/22 MP: 1/1
   242 | D:1      | Reached XP level 2. HP: 26/29 MP: 2/2
   706 | D:1      | Reached XP level 3. HP: 30/36 MP: 3/3
  1215 | D:2      | Reached skill level 5 in Throwing
  1752 | D:2      | Reached XP level 4. HP: 36/45 MP: 4/4
  2311 | D:2      | Noticed Sigmund
  2319 | D:2      | Killed Sigmund
  2320 | D:2      | Reached skill level 1 in Maces & Flails
  2320 | D:2      | Reached XP level 5. HP: 54/54 MP: 5/5
  2320 | D:2      | Reached XP level 6. HP: 62/62 MP: 6/6
  2913 | D:3      | Found Feibrilo's Antique Weapon Emporium.
  3072 | D:3      | Found a runed translucent door.
  3100 | D:3      | Noticed zeram's ghost (amateur MfFi)
  3169 | D:3      | Reached skill level 1 in Stealth
  3382 | D:3      | Found a burning altar of Makhleb.
  3426 | D:3      | Killed zeram's ghost
  3427 | D:3      | Reached skill level 6 in Throwing
  3886 | D:4      | Found a staircase to the Ecumenical Temple.
  3901 | Temple   | Entered the Ecumenical Temple
  3992 | Temple   | Became a worshipper of Warmaster Okawaru
  4493 | D:5      | Entered Level 5 of the Dungeon
  4510 | D:5      | Slain by an orc

Illustrated notes

Levels and vault maps discovered:
D:1:      matt_arrival_debris, layout_loops_ring
D:2:      layout_basic, minmay_box_of_dots, uniq_sigmund
D:3:      layout_basic, mainiacjoe_overflow_alcove_4, serial_shops, shop,
          ebering_ghost_reflecting_pool, hangedman_decor_push,
          minmay_misc_feat_encased, chequers_jeans
D:4:      layout_cave_pools, temple_fountains
D:5:      layout_loops_ring
Temple:   dpeg_five_rooms_temple

Skill      XL: |  1  2  3  4  5  6 |
---------------+-------------------+-----
Fighting       | 3 4 |  4.4
Throwing       | 5 6 |  6.0
Dodging        | 2 3 |  3.0
Maces & Flails | 1 2 |  2.1
Stealth        | 1 |  1.2

Action                   |  1- 3 |  4- 6 || total
-------------------------+-------+-------++-------
Melee: Short sword       |     6 |       ||     6
       Mace              |    41 |    41 ||    82
       Whip              |       |    54 ||    54
Throw: Large rock        |     7 |    11 ||    18
       Boomerang         |    58 |     3 ||    61
       Throwing net      |     2 |     1 ||     3
  Use: Potion            |       |     4 ||     4
 Stab: Sleeping          |       |     4 ||     4
Armor: Robe              |    32 |    36 ||    68
       Skin              |       |     3 ||     3
Dodge: Dodged            |    55 |    51 ||   106
